 Dungeon Crawl Stone Soup version 0.30-a0-737-gf23d94013f (webtiles) character file.

Game seed: 10970092481384305579

107 Zenkrye the Poker (level 5, -8/41 HPs)
             Began as a Human Cinder Acolyte on Feb 2, 2023.
             Was a High Priest of Ignis.
             Killed by nerve-wracking pain
             ... invoked by Grinder
              (12 damage)
             ... on level 3 of the Dungeon.
             The game lasted 00:07:29 (1988 turns).

Zenkrye the Poker (Human Cinder Acolyte)            Turns: 1988, Time: 00:07:30

Health: -8/41      AC:  5    Str: 16    XL:     5   Next: 10%
Magic:  0/8        EV: 15    Int: 14    God:    Ignis [*****.]
Gold:   109        SH:  0    Dex:  9    Spells: 6/8 levels left

rFire   + + .      SeeInvis .    j - +0 halberd (vamp)
rCold   x . .      Faith    .    (shield currently unavailable)
rNeg    . . .      Spirit   .    l - +0 ring mail
rPois   .          Reflect  .    (no helmet)
rElec   .          Harm     .    (no cloak)
rCorr   .          Rampage  .    (no gloves)
Will    .....                    (no boots) Stlth
                                 (no amulet)
HPRegen 0.26/turn                f - ring of fire
MPRegen 0.11/turn                v - +5 ring of evasion

@: no status effects
A: no striking features
a: Renounce Religion, Fiery Armour, Foxfire Swarm, Rising Flame


You were on level 3 of the Dungeon.
You worshipped Ignis.
Ignis was extremely pleased with you.
You visited 1 branch of the dungeon, and saw 3 of its levels.

You collected 109 gold pieces.

Inventory:

Hand Weapons
 a - a -1 spear of flaming
 e - a +3 sling
 j - a +0 vampiric halberd (weapon)
Armour
 b - a +0 robe
 l - a +0 ring mail (worn)
Jewellery
 f - a ring of fire (left hand)
 v - a +5 ring of evasion (right hand)
Scrolls
 d - a scroll of noise {unknown}
 i - 2 scrolls of identify {unknown}
 k - a scroll of torment {unknown}
Potions
 c - a potion of curing {unknown}
 g - a potion of flight {unknown}
 h - 3 potions of degeneration {unknown}


   Skills:
 - Level 3.0 Fighting
 + Level 4.0 Polearms
 + Level 2.2 Spellcasting
 + Level 4.0 Fire Magic


You had 6 spell levels left.
You knew the following spells:

 Your Spells              Type           Power      Damage    Failure   Level
a - Scorch                Fire           38%        2d6       13%         2

Your spell library contained the following spells:

 Spells                   Type           Power      Damage    Failure   Level
 Blink                    Tloc           2%         N/A       56%         2
 Lesser Beckoning         Tloc           2%         N/A       56%         2
 Momentum Strike          Conj/Tloc      2%         3d8       56%         2


Dungeon Overview and Level Annotations

Branches:
Dungeon (3/15)

Altars:

Annotations:
D:2 1 runed translucent door, Crazy Yiuf, Robin
D:3 Grinder


Message History

Grinder completely misses you.
You barely miss Grinder.
Grinder is almost dead.
Grinder blinks!
Reach: j) +0 halberd (vamp)
Press: ? - help, Dir - move target, f/p - Grinder
Aim: Grinder (almost dead, about 58% to evade your +0 vampiric halberd)
You reach to attack!
You barely miss Grinder.
Grinder is almost dead.
Grinder says, "You look like you could use a good racking."
Grinder hits you but does no damage.
You closely miss Grinder.
Grinder is almost dead.
Grinder hits you.
You writhe in agony.
* * * LOW HITPOINT WARNING * * *
You hit Grinder but do no damage.
Grinder is almost dead.
Grinder blinks!
Unknown command.
Casting: Scorch (safe; 13% risk of failure)
Confirm with . or Enter, or press ? or * to list all spells.
You feel a surge of power!
Flames lash Grinder.
Grinder is almost dead.
Grinder's fire resistance burns away.
Reach: j) +0 halberd (vamp)
Press: ? - help, Dir - move target, f/p - Grinder
Aim: Grinder (almost dead, more vulnerable to fire, about 58% to evade your +0 vampiric halberd)
You reach to attack!
You barely miss Grinder.
Grinder is almost dead.
Grinder blinks!
You closely miss Grinder.
Grinder is almost dead.
Grinder is no longer more vulnerable to fire.
Grinder hits you.
* * * LOW HITPOINT WARNING * * *
You writhe in agony.
* * * LOW HITPOINT WARNING * * *
Grinder gestures at you. Pain shoots through your body!
You die...

#.# #.# #.# #.#
###### #.#
.l...# #.#
.###l# #.# ##
#.# #.# #
#.###########@#
#.ยง..........5#
###############


You could see Grinder.

Vanquished Creatures
  3 adders
  4 gnolls (D:2)
  2 dart slugs
  An orc (D:3)
  5 ball pythons
  5 bats
  2 endoplasms
  A giant cockroach (D:1)
  5 goblins
  A hobgoblin (D:2)
  3 quokkas
  3 frilled lizards
  3 rats
38 creatures vanquished.

Notes
Turn   | Place    | Note
-------+----------+-------------------------------------------
     0 | D:1      | Zenkrye the Human Cinder Acolyte began the quest for the
                  | Orb.
     0 | D:1      | Reached XP level 1. HP: 18/18 MP: 2/2
   180 | D:1      | Reached XP level 2. HP: 24/24 MP: 3/3
   183 | D:1      | Learned a level 2 spell: Scorch
   877 | D:1      | Reached XP level 3. HP: 17/29 MP: 2/5
   955 | D:2      | Found a faded altar of an unknown god.
  1035 | D:2      | Reached XP level 4. HP: 35/35 MP: 0/6
  1345 | D:2      | Found a runed translucent door.
  1346 | D:2      | Noticed Crazy Yiuf
  1691 | D:2      | Noticed Robin
  1770 | D:3      | Reached XP level 5. HP: 38/41 MP: 8/8
  1920 | D:3      | Noticed Grinder
  1924 | D:3      | Paralysed by Grinder for 3 turns
  1934 | D:3      | Paralysed by Grinder for 2 turns
  1988 | D:3      | Killed from afar by Grinder

Illustrated notes

Levels and vault maps discovered:
D:1:      saegor_arrival_simple_b, layout_basic
D:2:      layout_basic, shapermc_ecumenical_altar_acropolis, dk_noncrumbling_3,
          serial_park_tiny_pond, uniq_robin, uniq_crazy_yiuf_cottage
D:3:      layout_loops_ring, riverfiend_overflow_shadow_ancestor,
          wad_floor_pattern_2, uniq_grinder

Skill      XL: |  1  2  3  4  5 |
---------------+----------------+-----
Spellcasting   | 2 |  2.2
Polearms       | 4 |  4.0
Fire Magic     | 4 |  4.0
Fighting       | |  3.0

Action                     |  1- 3 |  4- 6 || total
---------------------------+-------+-------++-------
  Melee: Spear             |     9 |    22 ||    31
         Halberd           |       |     7 ||     7
   Fire: Sling             |    54 |    53 ||   107
   Cast: Scorch            |     5 |     6 ||    11
 Armour: Robe              |    16 |     3 ||    19
         Ring mail         |       |     7 ||     7
  Dodge: Dodged            |    24 |    30 ||    54

Table legend: (Time is in decaauts)
 A = Elapsed time spent in this place.
 B = Non-inter-level travel time spent in this place.
 C = Inter-level travel time spent in this place.
 D = Time resting spent in this place.
 E = Time spent auto-exploring this place.
 F = Levels seen in this place.
 G = Mean time per level.
                   A        B        C        D        E       F      G
               +--------+--------+--------+--------+--------+-----+--------+
         Total |   2024 |   1863 |    161 |    136 |   1327 |   3 |  674.7 |
       Dungeon |   2024 |   1863 |    161 |    136 |   1327 |   3 |  674.7 |
               +--------+--------+--------+--------+--------+-----+--------+

Top non-repeatable levels by time:
     D:1: 982 daAuts
     D:2: 804 daAuts
     D:3: 237 daAuts
